 Dungeon Crawl Stone Soup version 0.31-a0-263-ge8cad7f256 (webtiles) character file.

Game seed: 9028506846636785668

134 qw the Shooter (level 4, -12/37 HPs)
             Began as a Minotaur Hexslinger on July 13, 2023.
             Mangled by an ogre
             ... wielding a +0 giant club
              (17 damage)
             ... on level 4 of the Dungeon.
             The game lasted 00:00:59 (2629 turns).

qw the Shooter (Minotaur Hexslinger)                Turns: 2629, Time: 00:00:59

Health: -12/37     AC:  7    Str: 12    XL:     4   Next: 95%
Magic:  4/4        EV: 11    Int: 10    God:
Gold:   81         SH:  0    Dex: 15    Spells: 4/5 levels left

rFire   . . .        Y - +1 sling (chaos)
rCold   . . .        (no shield)
rNeg    . . .        j - +0 ring mail
rPois   .            (helmet restricted)
rElec   .            (no cloak)
rCorr   .            (no gloves)
SInv    .            k - +1 pair of boots
Will    .....        (no amulet)
Stlth   +            (no ring)
HPRegen 0.26/turn    (no ring)
MPRegen 0.09/turn

%: no passive effects
@: no status effects
A: horns 2, retaliatory headbutt
a: no special abilities


You were on level 4 of the Dungeon.
You visited 1 branch of the dungeon, and saw 4 of its levels.

You collected 196 gold pieces.
You spent 115 gold pieces at shops.


Innate Abilities, Weirdness & Mutations

You have a pair of horns on your head.
You reflexively headbutt those who attack you in melee.


   Skills:
 + Level 2.8 Fighting
 - Level 5.0 Ranged Weapons
 - Level 1.1 Armour
 - Level 2.1 Dodging
 - Level 1.0 Spellcasting
 - Level 2.0 Hexes


You had 4 spell levels left.
You knew the following spells:

 Your Spells              Type           Power      Damage    Failure   Level
a - Slow                  Hex            16%        N/A       34%         1

Your spell library contained the following spells:

 Spells                   Type           Power      Damage    Failure   Level
 Inner Flame              Hex/Fire       2%         N/A       83%         3
 Portal Projectile        Hex/Tloc       4%         N/A       83%         3
 Cause Fear               Hex            2%         N/A       98%         4

Inventory:

Hand Weapons
 Y - a +1 sling of chaos (weapon)
Armour
 j - a +0 ring mail (worn)
 k - a +1 pair of boots (worn)
Scrolls
 i - a scroll of identify
Potions
 d - a potion of degeneration {unknown}
 e - a potion of heal wounds {unknown}
 f - a potion of enlightenment {unknown}
 g - a potion of attraction {unknown}
 h - 2 potions of curing

Dungeon Overview and Level Annotations

Branches:
Dungeon (4/15)
 Temple: D:4-7

Altars:
Sif Muna

Shops:
D:3 [


Message History

The jackal bites you but does no damage.
You shoot a sling bullet. The sling bullet misses the jackal.
The jackal barely misses you. x2
You shoot a sling bullet.
The sling bullet barely misses the jackal.
The jackal bites you but does no damage.
The jackal bites you.
You shoot a sling bullet.
The sling bullet closely misses the jackal.
The jackal closely misses you. You furiously retaliate!
You headbutt the jackal!
You kill the jackal!
You shoot a sling bullet. The sling bullet hits the goblin.
The sling bullet freezes the goblin.
You kill the goblin!
Things that are here:
a jackal corpse; a jackal corpse An ogre comes into view.
It is wielding a +0 giant club.
You shoot a sling bullet. The sling bullet hits the ogre.
The ogre is lightly wounded.
You shoot a sling bullet. The sling bullet hits the ogre.
The ogre is moderately wounded.
You shoot a sling bullet.
The sling bullet barely misses the ogre.
You shoot a sling bullet. The sling bullet hits the ogre.
The ogre goes berserk!
The ogre is moderately wounded.
The ogre barely misses you.
You hear a shout!
You shoot a sling bullet. The sling bullet hits the ogre.
The sling bullet burns the ogre.
The ogre is heavily wounded.
The ogre hits you with a +0 giant club!!
Ouch! That really hurt!
You shoot a sling bullet. The sling bullet hits the ogre.
The ogre is heavily wounded.
A goblin comes into view. It is wielding a +0 club.
The ogre barely misses you.
You shoot a sling bullet.
The sling bullet barely misses the ogre.
The ogre hits you with a +0 giant club!
You die...

. .. ##g..
####.... ##
#....#
##..###.O.#
#......@#
.#...#.#%##
.....####.#####..
. #.....)........
.......#.<.......
###..###...###...
## ......# ..
#...##..# #....
.##


You could see an ogre (berserk) and a goblin.

Vanquished Creatures
  An orc priest (D:2)
  3 adders (D:3)
  2 worms (D:3)
  4 orcs (D:3)
  4 endoplasms
  6 goblins
  9 hobgoblins
  6 jackals
  3 quokkas
  8 ball pythons
  3 bats
  2 frilled lizards (D:3)
  10 kobolds
  4 rats
65 creatures vanquished.

Vanquished Creatures (others)
  A kobold zombie (D:3)
1 creature vanquished.

Grand Total: 66 creatures vanquished

Notes
Turn   | Place    | Note
-------+----------+-------------------------------------------
     0 | D:1      | qw the Minotaur Hexslinger began the quest for the Orb.
     0 | D:1      | Reached XP level 1. HP: 16/16 MP: 1/1
     0 | D:1      | 0 ||| qw: Version: 0.3-a-52-g30416fa
     0 | D:1      | 0 ||| qw: Game counter: 7241
     0 | D:1      | 0 ||| qw: Melee chars always use a shield: true
     0 | D:1      | 0 ||| qw: God list: Okawaru
     0 | D:1      | 0 ||| qw: Allow faded altars: false
     0 | D:1      | 0 ||| qw: Do Orc after clearing Dungeon:15 true
     0 | D:1      | 0 ||| qw: Do second Lair branch before Depths: true
     0 | D:1      | 0 ||| qw: Lair rune preference: random
     0 | D:1      | 0 ||| qw: Goals: Normal
     0 | D:1      | 0 ||| PLANNING D:1-11
   156 | D:1      | Reached skill level 3 in Ranged Weapons
   193 | D:1      | Reached XP level 2. HP: 23/23 MP: 2/2
   387 | D:1      | Found a faded altar of an unknown god.
   788 | D:1      | 788 ||| UPGRADING to +0 ring mail.
   798 | D:1      | 798 ||| DROPPING +0 robe.
   799 | D:1      | 799 ||| READING scroll labelled NURAFE NUTUGEEKKU.
   800 | D:1      | 800 ||| READING scroll labelled WUTURA GIPT.
   801 | D:1      | 801 ||| READING scroll labelled SUSKYI FIUQOZ.
   802 | D:1      | 802 ||| READING scroll labelled ZAGATU QEDAZ.
   803 | D:1      | 803 ||| DRINKING 3 silvery potions.
   804 | D:1      | 804 ||| DROPPING scroll of poison.
  1040 | D:2      | Reached XP level 3. HP: 29/29 MP: 3/3
  1221 | D:2      | Identified the +6 short sword "Beunt" {flame, rC- rN+ Str+2
                  | Dex+3}
  1483 | D:2      | 1483 ||| UPGRADING to +0 pair of boots.
  1488 | D:2      | 1488 ||| READING scroll labelled YSSAOWK ENEAV.
  1489 | D:2      | 1489 ||| READING scroll labelled JYRIRA YPHECIQ.
  1513 | D:3      | Reached skill level 4 in Ranged Weapons
  1601 | D:3      | 1601 ||| FLEEEEING.
  1602 | D:3      | 1602 ||| FLEEEEING.
  1603 | D:3      | 1603 ||| FLEEEEING.
  1606 | D:3      | 1606 ||| FLEEEEING.
  1607 | D:3      | 1607 ||| FLEEEEING.
  1610 | D:3      | 1610 ||| FLEEEEING.
  1611 | D:3      | 1611 ||| STAIRDANCE
  1661 | D:2      | 1661 ||| READING scroll labelled ETOZOCYTSINE.
  1721 | D:3      | Reached skill level 1 in Armour
  1742 | D:3      | 1742 ||| STAIRDANCE
  1744 | D:2      | HP: 6/29 [orc priest/nerve-wracking pain (5)]
  1747 | D:2      | Reached XP level 4. HP: 7/36 MP: 4/4
  2026 | D:3      | Found Piuxoxt's Armour Emporium.
  2033 | D:3      | 2033 ||| BUYING +1 pair of boots (115 gold).
  2033 | D:3      | Bought a +1 pair of boots for 115 gold pieces
  2033 | D:3      | 2033 ||| SHOPLISTING +2 robe of resistance (377 gold, have
                  | 40).
  2033 | D:3      | Found a shimmering blue altar of Sif Muna.
  2104 | D:3      | Reached skill level 5 in Ranged Weapons
  2500 | D:3      | 2500 ||| UPGRADING to +1 pair of boots.
  2510 | D:3      | 2510 ||| DROPPING +0 pair of boots.
  2511 | D:3      | 2511 ||| READING scroll labelled TAH OBUYDU.
  2514 | D:3      | 2514 ||| READING 2 scrolls of identify.
  2514 | D:3      | 2514 ||| IDENTIFYING smoky coppery potion
  2515 | D:3      | 2515 ||| DROPPING potion of ambrosia.
  2539 | D:4      | 2539 ||| STAIRDANCE
  2622 | D:4      | Noticed an ogre
  2627 | D:4      | HP: 4/37 [ogre/+0 giant club (33)]
  2629 | D:4      | Mangled by an ogre

Levels and vault maps discovered:
D:1:      amcnicky_arrival_flooded_fountain, layout_loops_cross,
          shapermc_ecumenical_altar_totnotflames
D:2:      layout_loops_ring, minmay_cut_off
D:3:      layout_basic, nicolae_sif_muna_condensation, serial_shops, shop
D:4:      minmay_wonky_spiral, layout_cave_pools, makhleb_heckhound_becter,
          minmay_temple_entry_steel_oval, dilly_guarded_unrand_devastator

Skill      XL: |  1  2  3  4 |
---------------+-------------+-----
Ranged Weapons | 3 4 5 |  5.0
Fighting       | 2 |  2.8
Armour         | 1 |  1.1
Dodging        | |  2.1
Spellcasting   | |  1.0
Hexes          | |  2.0

Action                     |  1- 3 |  4- 6 || total
---------------------------+-------+-------++-------
   Fire: Sling             |   148 |    51 ||   199
    Use: Scroll            |     7 |     2 ||     9
         Potion            |     1 |       ||     1
 Armour: Robe              |     1 |       ||     1
         Ring mail         |    20 |    10 ||    30
  Dodge: Dodged            |    41 |    10 ||    51

Table legend:
 A = Non-vault XP
 B = Vault XP
 C = Vault XP percentage of total XP
 D = Non-vault monster count
 E = Vault monster count
 F = Vault count percentage of total count
                 A         B        C        D         E       F
            +---------+---------+-------+---------+---------+-------
      Total |     187 |       5 |   2.6 |      62 |       3 |   4.6
            +---------+---------+-------+---------+---------+-------
        D:1 |      32 |       0 |   0.0 |      20 |       0 |   0.0
        D:2 |      64 |       5 |   7.2 |      15 |       3 |  16.7
        D:3 |      85 |       0 |   0.0 |      24 |       0 |   0.0
        D:4 |       6 |       0 |   0.0 |       3 |       0 |   0.0
            +---------+---------+-------+---------+---------+-------
